 Dungeon Crawl Stone Soup version 0.16-a0-3770-gc215ce9 (webtiles) character file.

9850 Johnny the Nimble (level 11, -1/73 (77) HPs)
             Began as an Octopode Fighter on Jan 24, 2015.
             Was a Believer of Trog.
             Blown up by an orc (7 damage)
             ... with a wand of disintegration
             ... on level 10 of the Dungeon.
             The game lasted 00:22:41 (13022 turns).

Johnny the Nimble (Octopode Fighter)               Turns: 13022, Time: 00:22:42

HP:   -1/73 (77)    AC:  1    Str: 15    XL:     11   Next: 52%
MP:   0/11          EV: 12    Int: 10    God:    Trog [**....]
Gold: 144           SH:  9    Dex: 16    Spells: 0 memorised, 10 levels left

rFire  . . .     SeeInvis +     v - +0 short sword (drain)
rCold  . . .     Clarity  .     c - +0 shield
rNeg   . . .     SustAb   .     (helmet restricted)
rPois  +         Gourm    .     I - amulet of guardian spirit
rElec  .         Spirit   +     e - ring of see invisible (curse)
rCorr  .         Warding  .     (no ring)
rMut   .         Stasis   .     F - ring of poison resistance
MR     .....                    (no ring)
Stlth  ++........               (no ring)
                                (no ring)
                                (no ring)
                                (no ring)

@: very slightly contaminated, slowed, very heavily drained, very slow, not
resistant to hostile enchantments, unstealthy
A: almost no armour, amphibious, 8 rings, constrict 8, camouflage 1, gelatinous
body 1
a: Burn Spellbooks, Berserk, Trog's Hand, Renounce Religion


You were on level 10 of the Dungeon.
You worshipped Trog.
Trog was pleased with you.
You were very hungry.

You visited 2 branches of the dungeon, and saw 12 of its levels.
You also visited: Sewer.

You collected 470 gold pieces.
You spent 326 gold pieces at shops.

Inventory:

Hand weapons
 a - a +0 long sword
 p - a +2 scimitar of holy wrath
 v - a +0 short sword of draining (weapon)
 B - a +4 scimitar of flaming
Armour
 c - a +0 shield (worn)
Jewellery
 e - a cursed ring of see invisible (left tentacle)
 k - an uncursed amulet of resist corrosion
 F - a ring of poison resistance (on tentacle)
 I - an amulet of guardian spirit (around mantle)
Magical devices
 t - a wand of slowing (11)
 E - a wand of confusion (22)
 K - a wand of fire (0)
 N - a wand of teleportation (3)
 O - a wand of disintegration (9)
 P - a wand of cold (0)
Scrolls
 f - 2 scrolls of immolation
 g - 7 scrolls of recharging
 l - 6 scrolls of fog
 m - 3 scrolls of magic mapping
 n - 4 scrolls of remove curse
 o - 3 scrolls of fear
 s - 2 scrolls of enchant weapon
 u - 3 scrolls of teleportation
 y - 2 scrolls of blinking
 G - a scroll of identify
 H - a scroll of enchant armour
 L - a scroll of amnesia
 M - a scroll of noise
Potions
 h - a potion of brilliance
 i - a potion of resistance
 j - 3 potions of curing
 r - 2 potions of restore abilities {unknown}
 w - a potion of mutation {unknown}
 x - a potion of magic {unknown}
 z - a potion of cancellation {unknown}
 A - a potion of haste
 C - a potion of flight {unknown}
 J - 2 potions of poison {unknown}
 Q - a potion of experience {unknown}
Books
 D - Plog's Introduction to Thaumaturgy
   (You found it on level 4 of the Dungeon)

   Spells                             Type                      Level
   a - Shock                          Conjuration/Air              1
   b - Sting                          Conjuration/Poison           1
   c - Freeze                         Ice                          1
   d - Summon Small Mammal            Summoning                    1
   e - Beastly Appendage              Transmutation                1
   Trog disapproves of the use of such an item.
Comestibles
 b - 2 slices of pizza
 d - 6 bread rations
 q - 3 meat rations


   Skills:
 + Level 7.8(1.7) Fighting
 + Level 7.4(1.3) Long Blades
 * Level 10.8(4.2) Dodging
 * Level 10.7(4.1) Shields


You had 10 spell levels left.
You didn't know any spells.

Dungeon Overview and Level Annotations

Branches:
Dungeon (11/15)            Temple (1/1) D:6            Lair (0/8) D:9
    Orc: D:9-12

Altars:
Ashenzari
Cheibriados
Dithmenos
Elyvilon
Fedhas
Gozag
Kikubaaqudgha
Makhleb
Okawaru
Qazlal
Ru
Sif Muna
Trog
Vehumet
Xom
Yredelemnul
Zin
The Shining One

Shops:
D:5 ?   D:6 }   D:7 (?}   D:10 *

Annotations:
D:4 runed door


Innate Abilities, Weirdness & Mutations

You cannot wear most types of armour.
You are amphibious.
You can wear up to eight rings at the same time.
You can use your tentacles to constrict many enemies at once.
Your skin changes colour to match your surroundings (Stealth).
Your rubbery body absorbs attacks (AC +1).


Message History

You block the orc's attack. The orc closely misses you.
The orc wizard points at you and mumbles some strange words.
The magic dart hits you!
* * * LOW HITPOINT WARNING * * *
The orc closely misses you.
Drink which item? (? for menu, Esc to quit)
You feel better.
You constrict the orc wizard.
You kill the orc wizard!
Trog accepts your kill.
Trog appreciates your killing of a magic user.
The orc zaps a wand.
You are blasted!
* * * LOW HITPOINT WARNING * * *
The orc closely misses you. The orc barely misses you.
Drink which item? (? for menu, Esc to quit)
You feel better.
You feel less exhausted.
You feel a little less agile now. The orc hits you.
* * * LOW HITPOINT WARNING * * *
The orc zaps a wand.
You are blasted!
You die...

.# ##### .# .# .# ≈
.# ≈≈≈≈ .### ..≈≈≈
...# ##≈≈≈#### .#.#
..##8.8o8## .#.#
...'...)@.# .#.#
..##8.8o8.# .#.##
##≈≈≈###.# .#..# ..≈≈
#).# .##.## ≈≈≈ #.##
.()..# ≈ #.#
###..#### #.#
..#....)########.####
#.#.###.##.....>....#


You could see 2 orcs.

Vanquished Creatures
  Harold (D:10)
  Erica (D:10)
  Urug (D:10)
  A hill giant (D:10)
  Pikel (D:5)
  The ghost of Vidiiot the Grappler, an experienced TrSk of Ru (D:8)
  Joseph (D:10)
  A two-headed ogre (D:10)
  Sonja (D:10)
  A troll (D:10)
  4 yaks (D:9)
  Edmund (D:4)
  A water moccasin (D:6)
  A mottled dragon (D:10)
  2 necrophages
  3 orc warriors
  An eye of draining (D:9)
  A wasp (D:10)
  2 black bears (D:9)
  2 phantoms
  An ice beast (D:9)
  2 sky beasts
  An ogre (D:6)
  5 centaurs
  The ghost of Johnny the Ducker, an average OpFi (D:3)
  2 big kobolds (Sewer)
  6 giant frogs
  A wyvern skeleton (D:10)
  A wyvern zombie (D:9)
  4 scorpions
  8 wights (D:9)
  2 centaur zombies
  5 crimson imps
  2 goliath beetles
  2 centaur skeletons
  2 giant frog zombies
  9 orc wizards
  2 iguanas
  2 jellies
  4 hounds
  10 worker ants
  Ijyb (D:3)
  A hound zombie (D:6)
  A mummy (D:9)
  A worker ant zombie (D:6)
  18 adders
  3 river rats
  2 shadow imps
  3 worms
  An adder skeleton (D:7)
  8 giant geckos
  2 oozes (Sewer)
  31 orcs
  15 bats
  2 bat skeletons
  A bat zombie (D:6)
  6 giant cockroaches
  7 goblins
  12 hobgoblins
  7 jackals
  4 quokkas
  4 ball pythons
  4 giant newts
  A goblin zombie (D:4)
  13 kobolds
  A kobold zombie (D:4)
  13 rats
262 creatures vanquished.

Vanquished Creatures (others)
  A jelly (D:6)
  An orc (D:6)
2 creatures vanquished.

Grand Total: 264 creatures vanquished

Notes
Turn   | Place    | Note
--------------------------------------------------------------
     0 | D:1      | Johnny, the Octopode Fighter, began the quest for the Orb.
     0 | D:1      | Reached XP level 1. HP: 16/16 MP: 1/1
    51 | D:1      | Reached XP level 2. HP: 19/21 MP: 2/2
   571 | D:2      | Reached XP level 3. HP: 7/26 MP: 3/3
  1610 | D:2      | Reached XP level 4. HP: 8/31 MP: 4/4
  2233 | D:3      | Noticed Johnny's ghost (average OpFi)
  2508 | D:3      | Killed Johnny's ghost
  2508 | D:3      | Reached skill level 4 in Dodging
  2508 | D:3      | Reached XP level 5. HP: 33/37 MP: 5/5
  2621 | D:3      | Noticed a giant frog
  2630 | D:3      | Killed a giant frog
  2630 | D:3      | Reached XP level 6. HP: 17/43 MP: 6/6
  3257 | D:3      | Found a blossoming altar of Fedhas.
  3328 | D:3      | Noticed Ijyb
  3336 | D:3      | Killed Ijyb
  3750 | D:4      | Noticed a human
  3751 | D:4      | Found a runed door.
  3900 | D:4      | Found a glowing drain.
  3909 | Sewer    | Entered a sewer
  3996 | Sewer    | Reached skill level 5 in Dodging
  4013 | Sewer    | Reached skill level 5 in Shields
  4013 | Sewer    | Reached XP level 7. HP: 16/48 MP: 7/7
  4651 | D:4      | Identified Plog's Introduction to Thaumaturgy
  4734 | D:4      | Noticed Edmund
  4740 | D:4      | Killed Edmund
  5046 | D:4      | Found a basalt altar of Yredelemnul.
  5165 | D:5      | Entered Level 5 of the Dungeon
  5265 | D:5      | Found Schoapn's Magic Scroll Boutique.
  5268 | D:5      | Bought a scroll of identify for 20 gold pieces
  5268 | D:5      | Bought a scroll of identify for 20 gold pieces
  5268 | D:5      | Bought a scroll of identify for 20 gold pieces
  5268 | D:5      | Bought a scroll of identify for 20 gold pieces
  5286 | D:5      | Found a shattered altar of Ashenzari.
  5788 | D:6      | Reached XP level 8. HP: 35/54 MP: 8/8
  5916 | D:6      | Reached skill level 6 in Dodging
  6115 | D:6      | Found Kotun's Gadget Emporium.
  6162 | D:6      | Reached skill level 5 in Fighting
  6439 | D:6      | Noticed Pikel
  6468 | D:5      | Killed Pikel
  6468 | D:5      | Reached skill level 7 in Dodging
  6700 | D:6      | Reached XP level 9. HP: 47/61 MP: 9/9
  7076 | D:6      | Found a staircase to the Ecumenical Temple.
  7230 | D:6      | Reached skill level 5 in Long Blades
  7254 | Temple   | Entered the Ecumenical Temple
  7474 | Temple   | Became a worshipper of Trog the Wrathful
  7788 | D:7      | Found Ghoami's Gadget Boutique.
  8264 | D:7      | Found Kieg's Antique Weapon Boutique.
  8347 | D:7      | Found a glowing golden altar of the Shining One.
  8536 | D:7      | Reached skill level 8 in Dodging
  8845 | D:7      | Found Clukhlyo's Magic Scroll Boutique.
  8848 | D:7      | Bought a scroll of identify for 24 gold pieces
  8848 | D:7      | Bought a scroll of identify for 24 gold pieces
  8848 | D:7      | Bought a scroll of identify for 24 gold pieces
  8848 | D:7      | Bought a scroll of identify for 24 gold pieces
  8848 | D:7      | Bought a scroll of identify for 24 gold pieces
  8848 | D:7      | Bought a scroll of enchant weapon for 90 gold pieces
  8848 | D:7      | Bought a scroll of remove curse for 36 gold pieces
  8868 | D:8      | Noticed Vidiiot's ghost (experienced TrSk)
  9097 | D:8      | Acquired Trog's first power
  9325 | D:8      | Killed Vidiiot's ghost
  9325 | D:8      | Reached XP level 10. HP: 26/69 MP: 2/10
  9839 | D:8      | Found a shadowy altar of Dithmenos.
  9854 | D:8      | Found a shattered altar of Ashenzari.
  9857 | D:8      | Found an opulent altar of Gozag.
 10048 | D:8      | Reached skill level 9 in Dodging
 10105 | D:9      | Found a staircase to the Lair.
 10469 | D:9      | Acquired Trog's second power
 11222 | D:9      | Found a glowing silver altar of Zin.
 11465 | D:10     | Entered Level 10 of the Dungeon
 11469 | D:10     | Noticed Urug
 11469 | D:10     | Noticed a hill giant
 11496 | D:10     | Killed a hill giant
 11553 | D:10     | Noticed Erica
 11791 | D:10     | Killed Urug
 11791 | D:10     | Reached skill level 10 in Dodging
 11791 | D:10     | Reached skill level 10 in Shields
 11791 | D:10     | Reached XP level 11. HP: 71/71 MP: 8/11
 11796 | D:10     | Killed Erica
 11848 | D:10     | Found Musecalli's General Store.
 11921 | D:10     | Noticed Joseph
 11946 | D:10     | Killed Joseph
 12457 | D:10     | Noticed Sonja
 12691 | D:10     | Noticed Harold
 12698 | D:10     | Killed Harold
 12978 | D:10     | Killed Sonja
 13021 | D:10     | HP: 1/73 [disintegration (18)]
 13022 | D:10     | Blown up by an orc

Action                   |  1- 3 |  4- 6 |  7- 9 | 10-12 || total
-------------------------+-------+-------+-------+-------++-------
Melee: Long sword        |    70 |   109 |   299 |   176 ||   654
       Scimitar          |       |       |       |   103 ||   103
       Short sword       |       |       |       |    11 ||    11
Invok: Berserk           |       |       |     2 |    10 ||    12
       Trog's Hand       |       |       |       |     7 ||     7
Evoke: Wand              |       |       |    10 |     2 ||    12
  Use: Potion            |       |     1 |     2 |     8 ||    11
       Scroll            |       |       |    22 |     1 ||    23
 Stab: Sleeping          |     4 |     6 |    13 |     8 ||    31
       Distracted        |       |     2 |       |     1 ||     3
       Confused          |       |       |     1 |       ||     1
  Eat: Chunk             |     2 |     7 |    17 |    16 ||    42
       Fruit             |       |       |     2 |     5 ||     7
       Beef jerky        |       |       |       |     1 ||     1
       Pizza             |       |       |       |     1 ||     1
